 Dungeon Crawl Stone Soup version 0.26-a0-667-g92642533e4 (webtiles) character file.

Game seed: 654299375360844671

27 Whiskey the Shield-Bearer (level 3, -1/29 HPs)
             Began as a Formicid Fighter on Oct 17, 2020.
             Slain by Sigmund
             ... wielding a +0 scythe
              (6 damage)
             ... on level 2 of the Dungeon.
             The game lasted 00:01:16 (545 turns).

Whiskey the Shield-Bearer (Formicid Fighter)         Turns: 545, Time: 00:01:17

Health: -1/29      AC:  6    Str: 20    XL:     3   Next: 25%
Magic:  3/3        EV:  8    Int:  8    God:
Gold:   27         SH:  0    Dex: 10    Spells: 2/2 levels left

rFire    . . .     SeeInvis +   a - +0 war axe
rCold    . . .     Faith    .   c - +0 kite shield
rNeg     . . .     Spirit   .   b - +0 scale mail
rPois    .         Reflect  .   (helmet unavailable)
rElec    .         Harm     .   (no cloak)
rCorr    .         Rampage  .   (no gloves)
MR       .....                  (no boots)
Stlth    ..........             (no amulet)
HPRegen  0.09/turn              (no ring)
MPRegen  0.08/turn              (no ring)

@: confused
A: permanent stasis, dig shafts and tunnels, four strong arms, antennae 3
a: Dig, Shaft Self


You were on level 2 of the Dungeon.
You visited 1 branch of the dungeon, and saw 2 of its levels.

You collected 27 gold pieces.

Inventory:

Hand Weapons
 a - a +0 war axe (weapon)
Missiles
 g - 13 poisoned darts
Armour
 b - a +0 scale mail (worn)
 c - a +0 kite shield (worn)
Jewellery
 e - a +6 ring of intelligence {unknown}
   (You found it on level 1 of the Dungeon)
Scrolls
 f - a scroll of blinking {unknown}
 h - 2 scrolls of remove curse {unknown}
Potions
 d - a potion of might
 i - a potion of stabbing {unknown}


   Skills:
 + Level 3.6 Fighting
 + Level 2.4 Axes
 + Level 3.6 Armour
 + Level 4.0 Shields


You had 2 spell levels left.
You didn't know any spells.
Your spell library was empty.

Dungeon Overview and Level Annotations

Branches:
Dungeon (2/15)

Altars:

Annotations:
D:2 Sigmund


Innate Abilities, Weirdness & Mutations

You cannot be hasted, slowed, berserked, paralysed or teleported.
You can dig through walls and to a lower floor.
Your four strong arms can wield two-handed weapons with a shield.
You have a pair of large antennae on your head. (SInv)


Message History

You closely miss the giant cockroach.
You block the giant cockroach's attack. x2
You barely miss the giant cockroach.
The giant cockroach closely misses you. x2
Health restored: 29 You slash the giant cockroach!
You kill the giant cockroach!
No target in view!
No target in view!
No target in view!
No target in view!
No target in view!
You see here a giant cockroach corpse.
Done exploring.
Done exploring.
Done exploring.
You see here a giant cockroach corpse.
There is a stone staircase leading down here.
You climb downwards.
A hobgoblin comes into view.
The hobgoblin shouts!
You hear a shout!
There is a stone staircase leading up here.
A hobgoblin is nearby!
The hobgoblin completely misses you.
You barely miss the hobgoblin. You block the hobgoblin's attack.
The hobgoblin hits you.
You take 2 damage, and have 27/29 hp.
You barely miss the hobgoblin.
The hobgoblin hits you but does no damage.
You hit the hobgoblin.
You kill the hobgoblin!
A hobgoblin comes into view. It is wielding a +0 club.
You hit the hobgoblin.
The hobgoblin hits you but does no damage.
You hit the hobgoblin. The hobgoblin hits you with a +0 club.
You block the hobgoblin's attack.
You take 1 damage, and have 27/29 hp.
You hit the hobgoblin. You block the hobgoblin's attack.
You hit the hobgoblin but do no damage. You block the hobgoblin's attack.
You closely miss the hobgoblin. The hobgoblin hits you with a +0 club.
The hobgoblin hits you but does no damage.
You take 1 damage, and have 26/29 hp.
You barely miss the hobgoblin. You block the hobgoblin's attack.
Your shield and scale mail prevent you from hitting the hobgoblin.
You block the hobgoblin's attack.
You barely miss the hobgoblin. The hobgoblin closely misses you.
The hobgoblin hits you with a +0 club.
You take 1 damage, and have 26/29 hp.
You hit the hobgoblin but do no damage. The hobgoblin hits you with a +0 club.
You take 3 damage, and have 23/29 hp.
You slash the hobgoblin!
You kill the hobgoblin!
No target in view!
No target in view!
No target in view!
Things that are here:
a +0 club; a hobgoblin corpse; Health restored: 29
Things that are here:
a +0 club; a hobgoblin corpse
i - a fuming emerald potion You sense a monster nearby.
You sense a monster nearby.
You sense a monster nearby.
A giant cockroach and Sigmund come into view.
Sigmund shouts!
Sigmund mumbles some strange words.
Sigmund flickers and vanishes for a moment.
The giant cockroach moves out of view.
Found a stone staircase leading down.
You see here 18 gold pieces.
You hit the giant cockroach.
You kill the giant cockroach!
Sigmund hits you from afar with a +0 scythe.
You take 6 damage, and have 23/29 hp.
MASSIVE DAMAGE!!
You block Sigmund's attack.
You see here a giant cockroach corpse.
You slash Sigmund! You completely miss Sigmund.
Sigmund gestures at you while chanting. You resist with some effort.
Sigmund casts a spell at you. You resist with some effort.
You barely miss Sigmund. Sigmund hits you with a +0 scythe.
You take 4 damage, and have 20/29 hp.
You completely miss Sigmund. Sigmund barely misses you.
You barely miss Sigmund. Sigmund closely misses you.
You hit Sigmund.
Sigmund drinks a potion.
Sigmund seems to grow stronger.
You slash Sigmund! Sigmund hits you but does no damage.
You barely miss Sigmund. Sigmund hits you with a +0 scythe.
You take 4 damage, and have 16/29 hp.
You barely miss Sigmund. You block Sigmund's attack.
You closely miss Sigmund. You block Sigmund's attack.
You closely miss Sigmund. Sigmund misses you.
You hit Sigmund but do no damage. Sigmund hits you with a +0 scythe!
* * * LOW HITPOINT WARNING * * *
You take 12 damage, and have 5/29 hp.
MASSIVE DAMAGE!!
You are too injured to fight recklessly!
You slash Sigmund!
Sigmund points at you and mumbles some strange words.
You are confused.
Sigmund hits you with a +0 scythe.
You die...

# #### ### ##...#
### { #.. ##=....
#.. ####.# #......
#.# ###....#
#.(..$. #.#
##...#### #......
#.# #..### #
#.....##$######.##
#
#.....@†........#
#....$.@##########
#.......#
#.......#
##.....## ##.>.#
####


You could see Sigmund (strong, invisible).

Vanquished Creatures
  A dart slug (D:1)
  A leopard gecko (D:1)
  2 giant cockroaches
  3 goblins (D:1)
  5 hobgoblins
  A ball python (D:1)
  4 bats (D:1)
  2 frilled lizards (D:1)
  2 kobolds (D:1)
  A rat (D:1)
22 creatures vanquished.

Notes
Turn   | Place    | Note
-------+----------+-------------------------------------------
     0 | D:1      | Whiskey the Formicid Fighter began the quest for the Orb.
     0 | D:1      | Reached XP level 1. HP: 18/18 MP: 1/1
    37 | D:1      | Reached XP level 2. HP: 23/24 MP: 2/2
   216 | D:1      | Reached skill level 4 in Shields
   216 | D:1      | Reached XP level 3. HP: 26/29 MP: 3/3
   526 | D:2      | Noticed Sigmund
   543 | D:2      | HP: 5/29 [Sigmund/+0 scythe (12)]
   545 | D:2      | Slain by Sigmund

Illustrated notes

Levels and vault maps discovered:
D:1:      doesnt_arrival_eight_statues, layout_rooms
D:2:      layout_rooms, old_standard_altar, nicolae_overflow_hidden_temple,
          uniq_sigmund

Skill      XL: |  1  2 |
---------------+-------+-----
Shields        | 4 |  4.0
Fighting       | |  3.6
Axes           | |  2.4
Armour         | |  3.6

Action                   || total
-------------------------++-------
Melee: War axe           ||    85
Armor: Scale mail        ||    30
Dodge: Dodged            ||    28
Block: Kite shield       ||    56

Table legend: (Time is in decaauts)
 A = Elapsed time spent in this place.
 B = Non-inter-level travel time spent in this place.
 C = Inter-level travel time spent in this place.
 D = Time resting spent in this place.
 E = Time spent auto-exploring this place.
 F = Levels seen in this place.
 G = Mean time per level.
                   A        B        C        D        E       F      G
               +--------+--------+--------+--------+--------+-----+--------+
         Total |    582 |    575 |      7 |      0 |    380 |   2 |  291.0 |
       Dungeon |    582 |    575 |      7 |      0 |    380 |   2 |  291.0 |
               +--------+--------+--------+--------+--------+-----+--------+

Top non-repeatable levels by time:
     D:1: 444 daAuts
     D:2: 137 daAuts

Table legend:
 A = Kills in this place as a percentage of kills in entire the game.
 B = Kills by you in this place as a percentage of kills by you in the entire game.
 C = Kills by friends in this place as a percentage of kills by friends in the entire game.
 D = Other kills in this place as a percentage of other kills in the entire game.
 E = Experience gained in this place as a percentage of experience gained in the entire game.
 F = Experience gained in this place divided by the number of levels of this place that you have seen.
                   A       B       C       D       E      F
               +-------+-------+-------+-------+-------+----------------------
         Total | 100.0 | 100.0 |   N/A |   N/A | 100.0 |  19.5
       Dungeon | 100.0 | 100.0 |   N/A |   N/A | 100.0 |  19.5
               +-------+-------+-------+-------+-------+----------------------
